 Dungeon Crawl Stone Soup version 0.22.1-2-g9c5b331 (webtiles) character file.

683 tognito the Cleaver (level 7, -18/57 HPs)
             Began as a Minotaur Berserker on Nov 16, 2018.
             Was an Elder of Trog.
             Demolished by a two-headed ogre
             ... wielding a +0 giant spiked club
              (22 damage)
             ... on level 4 of the Dungeon.
             The game lasted 00:11:56 (2758 turns).

tognito the Cleaver (Minotaur Berserker)            Turns: 2758, Time: 00:11:57

Health: -18/57     AC:  5    Str: 22      XL:     7   Next: 35%
Magic:  6/6        EV: 11    Int:  3 (4)  God:    Trog [****..]
Gold:   144        SH:  0    Dex:  8 (9)  Spells: 6/6 levels left

rFire    . . .     SeeInvis .   a - +0 war axe
rCold    . . .     Gourm    .   (no shield)
rNeg     . . .     Faith    +   j - +0 ring mail
rPois    .         Spirit   .   (helmet unavailable)
rElec    .         Reflect  .   (no cloak)
rCorr    .         Harm     .   (no gloves)
MR       .....                  (no boots)
Stlth    ..........             l - amulet of faith
HPRegen  0.19/turn              (no ring)
MPRegen  0.10/turn              (no ring)

@: no status effects
A: retaliatory headbutt, horns 3, weak 1
a: Berserk, Trog's Hand, Brothers in Arms, Renounce Religion


You were on level 4 of the Dungeon.
You worshipped Trog.
Trog was greatly pleased with you.
You were not hungry.

You visited 1 branch of the dungeon, and saw 4 of its levels.

You collected 144 gold pieces.

Inventory:

Hand Weapons
 a - a +0 war axe (weapon)
Missiles
 h - 87 arrows
 n - 48 bolts
Armour
 j - a +0 ring mail (worn)
Jewellery
 l - an amulet of faith (around neck)
Wands
 m - a wand of enslavement (10)
 q - a wand of random effects (31)
 s - a wand of digging (10)
Scrolls
 d - a scroll of enchant weapon {unknown}
 e - 7 scrolls of remove curse {unknown}
 f - 4 scrolls of identify {unknown}
 g - a scroll of magic mapping {unknown}
 i - a scroll of immolation {unknown}
 r - a scroll of noise {unknown}
 t - a scroll of teleportation {unknown}
Potions
 b - 4 potions of curing
 k - a potion of flight
 p - 2 potions of brilliance
Comestibles
 c - 5 rations
 o - 10 chunks of flesh


   Skills:
 - Level 3.6 Fighting
 + Level 10.3 Axes
 - Level 2.4 Armour
 - Level 2.1 Dodging


You had 6 spell levels left.
You didn't know any spells.
Your spell library was empty.

Dungeon Overview and Level Annotations

Branches:
Dungeon (4/15)
 Temple: D:4-7

Altars:
Cheibriados


Innate Abilities, Weirdness & Mutations

You reflexively headbutt those who attack you in melee.
You have a pair of large horns on your head.
You are weak. (Str -2)


Message History

A two-headed ogre comes into view.
It is wielding a giant spiked club and a You see here 15 gold pieces.
You barely miss the adder. You headbutt the adder!
The adder is almost dead.
The adder bites you but does no damage.
You barely miss the adder. You headbutt the adder.
You kill the adder!
Trog accepts your kill.
Things that are here:
a dagger; a robe You start resting.
The two-headed ogre is too close now for your liking.
The two-headed ogre shouts in stereo!
The two-headed ogre hits you with a giant spiked club!
The two-headed ogre hits you with a giant club!!
* * * LOW HITPOINT WARNING * * *
You see here 15 gold pieces.
You barely miss the two-headed ogre.
The two-headed ogre hits you with a giant spiked club!!
You die...

8#....# # .#....# #O
..#....# #8. .8#....#
#..# #..#....# .# #..#
##$.##....# .#
#.$####).##....# .# .
#?.O^..##....## .#
...###.@###...##.####.#
#...#.##...###.......#
#......###.........#
######## #...####.##.
##...........
..........###
##.....#...#..
#......)..#.#
##...#...#.#.#


You could see a two-headed ogre.

Vanquished Creatures
  Grinder (D:3)
  A howler monkey (D:4)
  2 hounds (D:4)
  An iguana (D:4)
  Ijyb (D:3)
  Natasha (thrice) (D:2)
  An orc wizard (D:4)
  Robin (D:3)
  14 adders
  A dart slug (D:1)
  2 leopard geckos
  2 orcs (D:4)
  A ball python (D:3)
  13 bats
  5 giant cockroaches
  13 goblins
  10 hobgoblins
  7 jackals (D:1)
  A quokka (D:2)
  5 frilled lizards
  13 kobolds
  A leopard gecko skeleton (D:4)
  6 rats
105 creatures vanquished.

Notes
Turn   | Place    | Note
-------+----------+-------------------------------------------
     0 | D:1      | tognito the Minotaur Berserker began the quest for the Orb.
     0 | D:1      | Reached XP level 1. HP: 19/19 MP: 0/0
    41 | D:1      | Reached skill level 4 in Axes
    49 | D:1      | Reached XP level 2. HP: 11/26 MP: 1/1
   427 | D:1      | Reached skill level 5 in Axes
   559 | D:1      | Reached ** piety under Trog
   571 | D:1      | Reached XP level 3. HP: 29/31 MP: 2/2
  1346 | D:2      | Reached skill level 6 in Axes
  1346 | D:2      | Reached XP level 4. HP: 38/39 MP: 3/3
  1355 | D:2      | Gained mutation: You are weak. (Str -2) [potion of
                  | mutation]
  1355 | D:2      | Gained mutation: You have a pair of large horns on your
                  | head. [potion of mutation]
  1417 | D:2      | Noticed Natasha
  1427 | D:2      | Killed Natasha
  1443 | D:2      | Noticed Natasha
  1448 | D:2      | Killed Natasha
  1549 | D:2      | Noticed Natasha
  1554 | D:2      | Killed Natasha
  1554 | D:2      | Reached skill level 7 in Axes
  1554 | D:2      | Reached XP level 5. HP: 40/45 MP: 4/4
  1583 | D:2      | Found a snail-covered altar of Cheibriados.
  1921 | D:3      | Noticed Ijyb
  1921 | D:3      | Noticed Robin
  1946 | D:3      | Reached *** piety under Trog
  1947 | D:3      | Killed Ijyb
  1949 | D:3      | Killed Robin
  1949 | D:3      | Reached skill level 8 in Axes
  1963 | D:3      | Reached XP level 6. HP: 43/51 MP: 5/5
  2281 | D:3      | Found a faded altar of an unknown god.
  2444 | D:3      | Noticed Grinder
  2455 | D:3      | Killed Grinder
  2455 | D:3      | Reached skill level 9 in Axes
  2585 | D:4      | Reached XP level 7. HP: 57/57 MP: 6/6
  2671 | D:4      | Reached **** piety under Trog
  2671 | D:4      | Reached skill level 10 in Axes
  2744 | D:4      | Noticed a two-headed ogre
  2758 | D:4      | Demolished by a two-headed ogre

Skill      XL: |  1  2  3  4  5  6  7 |
---------------+----------------------+-----
Axes           | 4 5 6 7 8 9 10 | 10.3
Fighting       | |  3.6
Armour         | |  2.4
Dodging        | |  2.1

Action                   |  1- 3 |  4- 6 |  7- 9 || total
-------------------------+-------+-------+-------++-------
Melee: Hand axe          |   108 |    29 |       ||   137
       Headbutt          |     7 |    11 |     6 ||    24
       War axe           |       |    92 |    41 ||   133
Invok: Berserk           |       |     1 |       ||     1
       Trog's Hand       |       |     1 |       ||     1
  Use: Potion            |     5 |     5 |       ||    10
  Eat: Chunk             |     1 |     5 |     2 ||     8
Armor: Animal skin       |     9 |       |       ||     9
       Skin              |    13 |       |       ||    13
       Ring mail         |    25 |    54 |    20 ||    99
Dodge: Dodged            |    77 |    81 |    16 ||   174
